 Dungeon Crawl Stone Soup version 0.28.0-43-g3370ac3207 (console) character file.

Game seed: 10301517395099920210

80876 Zeor the Impaler (level 15, -8/134 HPs)
             Began as a Green Draconian Monk on Mar 29, 2022.
             Was the Champion of Zin.
             Mangled by an enormous slime creature (64 damage)
             ... on level 13 of the Dungeon.
             The game lasted 01:28:53 (27628 turns).

Zeor the Impaler (Green Draconian Monk)            Turns: 27628, Time: 01:28:54

Health: -8/134     AC: 22    Str: 13    XL:     15   Next: 25%
Magic:  0/23       EV: 24    Int: 12    God:    Zin [******]
Gold:   1492       SH:  0    Dex: 22    Spells: 14/14 levels left

rFire   . . .      SeeInvis .   a - +1 glaive (flame)
rCold   . . .      Faith    .   (shield currently unavailable)
rNeg    + + .      Spirit   +   (armour unavailable)
rPois   +          Reflect  .   (helmet restricted)
rElec   .          Harm     .   q - +2 cloak
rCorr   .          Rampage  .   m - +2 pair of gloves
Will    +....                   G - +2 pair of boots
Stlth   +++.......              M - amulet "Xiefuow" {Spirit rN++ Dex+2 Stlth+}
HPRegen 0.32/turn               p - +4 ring of protection
MPRegen 0.18/turn               y - +4 ring of evasion

@: studying Throwing
A: breathe noxious fumes, AC +9, unfitting armour, stinger 1, poison resistance,
cold-blooded
a: Breathe Noxious Fumes, Renounce Religion, Recite, Vitalisation, Imprison,
Sanctuary, Donate Gold


You were on level 13 of the Dungeon.
You worshipped Zin.
Zin was exalted by your worship.
You visited 3 branches of the dungeon, and saw 20 of its levels.
You also visited: Gauntlet.

You collected 1890 gold pieces.
You donated 398 gold pieces to Zin.

Inventory:

Hand Weapons
 a - a +1 glaive of flaming (weapon)
 b - a +2 halberd of protection
 s - a +1 trident
 Q - the +6 broad axe "Apheam" {speed, Fly rPois}
   (You found it on level 6 of the Lair of Beasts)

   Attacks with this weapon are significantly faster.
   rPois:     It protects you from poison.
   Fly:       It grants you flight.
Missiles
 n - a javelin
 A - 5 boomerangs
 U - 5 atropa-tipped darts
Armour
 m - a +2 pair of gloves (worn)
 q - a +2 cloak (worn)
 G - a +2 pair of boots (worn)
Jewellery
 p - a +4 ring of protection (left hand)
 y - a +4 ring of evasion (right hand)
 E - a ring of willpower
 F - a +4 ring of protection
 M - the amulet "Xiefuow" (around neck) {Spirit rN++ Dex+2 Stlth+}
   (You found it in a Gauntlet)

   [amulet of guardian spirit]

   It causes incoming damage to be divided between your reserves of health and
   magic.
   Dex:       It affects your dexterity (+2).
   rN:        It greatly protects you from negative energy.
   Stlth:     It makes you more stealthy.
 R - a ring of willpower
 W - a ring of ice
 X - a ring of ice
 Y - a +4 ring of evasion
Wands
 c - a wand of paralysis (3)
 d - a wand of mindburst (10)
 i - a wand of flame (20)
 o - a wand of iceblast (10)
 r - a wand of digging (1)
 w - a wand of charming (10)
 Z - a wand of acid (5)
Scrolls
 l - 8 scrolls of fear
 t - a scroll of fog
 u - 2 scrolls of holy word
 z - 5 scrolls of teleportation
 B - 3 scrolls of silence
 D - 2 scrolls of magic mapping
 J - 2 scrolls of blinking
 N - a scroll of summoning
 O - 3 scrolls of immolation
 V - a scroll of enchant armour
Potions
 e - a potion of haste
 f - 7 potions of curing
 g - 4 potions of attraction
 C - 6 potions of brilliance
 H - 2 potions of heal wounds
 I - 2 potions of magic
 K - 3 potions of might
 P - 3 potions of flight
 S - a potion of mutation
 T - a potion of resistance


   Skills:
 * Level 12.5 Fighting
 + Level 18.9 Polearms
 * Level 5.2 Throwing
 * Level 10.3 Dodging
 - Level 1.7 Stealth
 + Level 5.4 Shields
 * Level 11.6 Invocations


You had 14 spell levels left.
You didn't know any spells.
Your spell library contained the following spells:

 Spells                   Type           Power      Damage    Failure   Level
 Apportation              Tloc           0%         N/A       32%         1
 Magic Dart               Conj           0%         1d3       32%         1
 Pain                     Necr           0%         1d4       32%         1
 Sandblast                Erth           0%         2d4       32%         1
 Shock                    Conj/Air       0%         1d3       32%         1
 Slow                     Hex            0%         N/A       32%         1
 Call Imp                 Summ           0%         N/A       45%         2
 Corpse Rot               Necr/Air       0%         N/A       45%         2
 Ensorcelled Hibernation  Hex/Ice        0%         N/A       45%         2
 Passwall                 Tmut/Erth      0%         N/A       45%         2
 Poisonous Vapours        Pois/Air       0%         N/A       45%         2
 Static Discharge         Conj/Air       0%         N/A       45%         2
 Sublimation of Blood     Necr           0%         N/A       45%         2
 Confusing Touch          Hex            0%         N/A       69%         3
 Dazzling Flash           Conj/Hex       0%         N/A       69%         3
 Gell's Gravitas          Tloc           0%         N/A       69%         3
 Ignite Poison            Fire/Tmut/Pois 0%         N/A       69%         3
 Lesser Beckoning         Tloc           0%         N/A       69%         3
 Mephitic Cloud           Conj/Pois/Air  0%         N/A       69%         3
 Ozocubu's Armour         Ice            0%         N/A       69%         3
 Spider Form              Tmut/Pois      0%         N/A       69%         3
 Stone Arrow              Conj/Erth      0%         3d7       69%         3
 Teleport Other           Tloc           0%         N/A       69%         3
 Tukima's Dance           Hex            0%         N/A       69%         3
 Vampiric Draining        Necr           0%         2d6       69%         3
 Anguish                  Hex/Necr       0%         N/A       97%         4
 Animate Dead             Necr           0%         N/A       97%         4
 Iskenderun's Mystic Bla  Conj/Tloc      0%         2d3       97%         4
 Petrify                  Tmut/Erth      0%         N/A       97%         4
 Agony                    Necr           0%         N/A       100%        5
 Alistair's Intoxication  Tmut/Pois      0%         N/A       100%        5
 Blade Hands              Tmut           0%         N/A       100%        5
 Excruciating Wounds      Necr           0%         N/A       100%        5
 Freezing Cloud           Conj/Ice/Air   0%         6-21      100%        5
 Irradiate                Conj/Tmut      0%         3d14      100%        5
 Metabolic Englaciation   Hex/Ice        0%         N/A       100%        5
 Iron Shot                Conj/Erth      0%         9d1       100%        6
 Starburst                Conj/Fire      0%         6d3       100%        6
 Statue Form              Tmut/Erth      0%         N/A       100%        6
 Enfeeble                 Hex            0%         N/A       100%        7
 Haunt                    Necr/Summ      0%         N/A       100%        7
 Ozocubu's Refrigeration  Ice            0%         4d5       100%        7
 Infestation              Necr           0%         N/A       100%        8
 Summon Horrible Things   Summ           0%         N/A       100%        8
 Animate Armour           Summ/Erth      Unusable   N/A       N/A         4

Dungeon Overview and Level Annotations

Branches:
Dungeon (13/15)            Temple (1/1) D:5            Lair (6/6) D:8
 Shoals (0/4) Lair:4       Spider (0/4) Lair:3        Slime (0/5) Lair:5
    Orc (0/2) D:12        Gauntlet (visited)
 Vaults: D:13-14

Altars:
Ashenzari
Cheibriados
Dithmenos
Elyvilon
Fedhas
Gozag
Hepliaklqana
Kikubaaqudgha
Makhleb
Nemelex Xobeh
Okawaru
Qazlal
Ru
Sif Muna
Trog
Uskayaw
Vehumet
Wu Jian
Xom
Yredelemnul
Zin
The Shining One
Jiyva

Shops:
D:5 =(

Annotations:
D:10 2 transporters, Lobster4's ghost, journeyman HOFE
Lair:1 exclusion: oklob plant
Lair:4 exclusion: oklob plant


Innate Abilities, Weirdness & Mutations

You can breathe blasts of noxious fumes.
Your lurid green scales are hard. (AC +9)
You cannot fit into any form of body armour.
Your tail ends in a venomous barb.
Your system is resistant to poisons. (rPois)
You are cold-blooded and may be slowed by cold attacks.


Message History

You slash the enormous slime creature! You burn the enormous slime creature.
You tail-slap the enormous slime creature.
The enormous slime creature is poisoned.
The enormous slime creature is moderately wounded.
You slash the enormous slime creature! You burn the enormous slime creature.
The enormous slime creature is moderately wounded.
The enormous slime creature completely misses you.
You slash the enormous slime creature! You burn the enormous slime creature.
The enormous slime creature is moderately wounded.
The enormous slime creature hits you!!!
The enormous slime creature looks more healthy.
You are too injured to fight recklessly!
Reach: a) +1 glaive (flame)
Press: ? - help, Dir - move target, f/p - enormous slime creature
Aim: an enormous slime creature (moderately wounded, about 13% to evade your +1 glaive of flaming)
You slice the enormous slime creature!! You burn the enormous slime creature.
The enormous slime creature is heavily wounded.
The enormous slime creature misses you.
You barely miss the enormous slime creature.
The enormous slime creature is heavily wounded.
You slash the enormous slime creature! You burn the enormous slime creature.
The enormous slime creature is heavily wounded.
The enormous slime creature misses you.
Reach: a) +1 glaive (flame)
Press: ? - help, Dir - move target, f/p - enormous slime creature
Aim: an enormous slime creature (heavily wounded, about 13% to evade your +1 glaive of flaming)
You hit the enormous slime creature but do no damage.
You tail-slap the enormous slime creature!
The enormous slime creature is heavily wounded.
The enormous slime creature closely misses you.
You slash the enormous slime creature! You burn the enormous slime creature.
The enormous slime creature is severely wounded.
The enormous slime creature misses you.
You slash the enormous slime creature! You burn the enormous slime creature.
You tail-slap the enormous slime creature!
The enormous slime creature is severely wounded.
You completely miss the enormous slime creature.
The enormous slime creature is severely wounded.
The enormous slime creature hits you!!!!
You die...

∙▒▒∙∙∙∙∙∙∙∙▒ ▒∙▒ ▒!∙∙∙∙∙∙∙∙∙∙▒
∙▒▒∙∙∙∙∙∙∙∙▒ ▒∙▒ ▒∙∙∙∙∙▒▒▒▒∙∙▒
∙∙▒∙∙▒∙∙▒∙∙▒▒▒ ▒<▒ ▒∙∙∙∙∙▒∙∙∙∙∙▒
∙∙'∙∙∙∙∙∙∙∙'∙▒▒▒∙▒ ▒▒▒▒▒▒▒∙∙∙∙∙▒
▒∙'∙∙†∙(∙∙∙'∙∙)∙∙▒▒▒▒▒▒▒▒▒∙∙∙▒∙▒
▒▒▒∙∙▒∙∙▒∙∙▒▒▒▒▒∙∙∙∙∙∙∙∙▒▒▒∙▒▒∙▒
▒ ▒∙∙∙∙∙∙∙∙▒ ▒▒▒▒▒▒▒▒∙▒ ▒∙▒▒∙▒
▒▒▒∙∙∙∙∙∙∙∙▒▒▒▒▒▒▒ ▒∙▒ ▒∙▒▒∙▒
∙∙▒▒▒▒''▒▒▒▒∙∙∙Jd▒ ▒▒∙▒▒▒∙▒▒∙▒
▒▒▒▒▒∙∙∙▒∙∙∙▒▒▒▒∙▒▒▒▒▒∙∙∙∙∙∙∙∙∙▒
∙∙∙∙∙∙▒▒▒▒∙▒▒ ▒∙∙∙∙∙∙∙∙∙▒▒∙▒▒▒▒
▒▒▒▒▒▒▒ ▒∙▒ ▒▒▒▒▒▒▒∙∙∙▒▒∙▒▒▒▒
▒∙▒ ▒∙∙∙∙∙∙∙)∙∙∙∙∙▒ ▒∙▒
▒∙▒∙∙∙∙∙▒▒▒▒▒∙▒
▒∙▒▒▒▒▒▒▒^∙∙∙∙∙∙▒ ▒∙▒ ▒▒
▒∙∙∙∙∙∙∙∙∙∙∙∙∙∙∙▒ ▒∙▒ ∙∙
▒∙▒▒▒▒▒▒▒∙∙∙∙∙∙∙▒ ▒∙▒


You could see an enormous slime creature.

Vanquished Creatures
  A minotaur (Gauntlet)
  The ghost of croobank the Protected, a journeyman MiFi of Trog (D:12)
  A great orb of eyes (Gauntlet)
  Harold (Lair:1)
  An ice dragon (Lair:6)
  4 boulder beetles
  An ogre mage (D:11)
  8 hydras
  4 two-headed ogres
  A catoblepas (Lair:6)
  12 death yaks
  2 tengu warriors
  A flayed ghost (D:12)
  2 deep elf pyromancers
  2 phantasmal warriors (D:12)
  3 cyclopes
  7 ugly things
  15 elephants
  Maurice (D:13)
  A merfolk siren (Lair:4)
  5 black mambas
  3 gargoyles
  18 cane toads
  2 unseen horrors
  10 komodo dragons
  An efreet (Gauntlet)
  3 rime drakes
  A freezing wraith (D:12)
  9 polar bears (Lair:6)
  3 trolls
  2 raiju
  A tarantella (Lair:3)
  16 blink frogs
  A meliai zombie (D:10)
  19 slime creatures
  10 dream sheep
  A ynoxinul (Gauntlet)
  2 wyverns
  3 fire elementals (Gauntlet)
  52 yaks
  3 steam dragons
  4 basilisks
  5 vampire mosquitoes
  An acid dragon (D:13)
  4 wargs (Lair:6)
  16 water moccasins
  17 hell hounds
  5 orc warriors
  2 sky beasts
  An ice beast (D:7)
  An ogre (D:5)
  11 black bears (Lair:6)
  A necrophage (D:7)
  31 wolves
  4 centaurs
  3 kobold brigands
  16 bullfrogs
  A gnoll sergeant (D:6)
  2 scorpions
  A wyvern zombie (D:9)
  A wyvern skeleton (D:7)
  17 wights
  4 killer bees (D:10)
  3 electric eels
  2 vampire bats (Lair:5)
  5 centaur zombies
  A bullfrog zombie (D:6)
  6 orc priests
  A bullfrog skeleton (D:7)
  A centaur skeleton (D:5)
  4 hounds
  4 iguanas
  3 iron imps (Gauntlet)
  A jelly (D:5)
  10 orc wizards
  5 hell rats (Lair:6)
  A centaur simulacrum (D:9)
  A hound skeleton (D:4)
  A howler monkey zombie (D:10)
  7 gnolls
  5 adders
  A shadow imp (D:7)
  6 white imps
  2 ufetubi (D:4)
  2 worms
  A worm (shapeshifter) (Gauntlet)
  2 dart slugs (D:2)
  37 orcs
  4 ball pythons
  12 endoplasms
  3 giant cockroaches
  8 hobgoblins
  4 quokkas
  10 bats
  6 frilled lizards
  6 goblins
  14 kobolds
  9 rats
  A pillar of salt (Gauntlet)
571 creatures vanquished.

Vanquished Creatures (collateral kills)
  2 killer bees (D:10)
2 creatures vanquished.

Vanquished Creatures (others)
  4 bushes
  43 fungi
  50 plants
97 creatures vanquished.

Grand Total: 670 creatures vanquished

Notes
Turn   | Place    | Note
-------+----------+-------------------------------------------
     0 | D:1      | Zeor the Draconian Monk began the quest for the Orb.
     0 | D:1      | Reached XP level 1. HP: 19/19 MP: 1/1
   251 | D:1      | Found a faded altar of an unknown god.
   593 | D:1      | Reached XP level 2. HP: 26/26 MP: 2/2
  1109 | D:2      | Reached XP level 3. HP: 22/33 MP: 3/3
  2109 | D:3      | Reached skill level 4 in Polearms
  2204 | D:3      | Reached XP level 4. HP: 40/40 MP: 4/4
  2964 | D:4      | Reached skill level 5 in Polearms
  2964 | D:4      | Reached XP level 5. HP: 42/46 MP: 5/5
  3747 | D:4      | Reached XP level 6. HP: 52/53 MP: 6/6
  3897 | D:5      | Entered Level 5 of the Dungeon
  3901 | D:5      | Noticed an orc warrior
  4205 | D:5      | Found Beid's Antique Weapon Shop.
  4262 | D:5      | Found a staircase to the Ecumenical Temple.
  4277 | Temple   | Entered the Ecumenical Temple
  4543 | Temple   | Became a worshipper of the Shining One
  4543 | Temple   | Reached * piety under the Shining One
  4543 | Temple   | Reached ** piety under the Shining One
  4762 | D:5      | Killed an orc warrior
  4763 | D:5      | Reached skill level 6 in Polearms
  4763 | D:5      | Reached skill level 1 in Shields
  4763 | D:5      | Reached skill level 1 in Invocations
  5096 | D:5      | Your scales start taking on a lurid green colour.
  5096 | D:5      | Reached XP level 7. HP: 56/60 MP: 6/8
  5096 | D:5      | Gained mutation: Your system is resistant to poisons.
                  | (rPois) [Green Draconian growth]
  5235 | Temple   | Fell from the grace of the Shining One
  5235 | Temple   | Became a worshipper of Zin the Law-Giver
  5235 | Temple   | Reached * piety under Zin
  5235 | Temple   | Reached ** piety under Zin
  5505 | D:5      | Found Zickith's Jewellery Shop.
  5532 | D:5      | Identified the +1 ring mail of Grace {rElec rF+ Stlth-}
  5715 | D:5      | Reached skill level 7 in Polearms
  6346 | D:6      | Reached skill level 5 in Fighting
  6346 | D:6      | Reached skill level 8 in Polearms
  6346 | D:6      | Reached XP level 8. HP: 48/68 MP: 9/9
  7213 | D:6      | Reached skill level 9 in Polearms
  7868 | D:7      | Reached skill level 10 in Polearms
  7868 | D:7      | Reached XP level 9. HP: 73/74 MP: 11/11
  7869 | D:7      | Reached *** piety under Zin
  8027 | D:7      | Found an iron altar of Okawaru.
  8472 | D:8      | Found a staircase to the Lair.
  8607 | D:8      | Identified the +1 morningstar "Celimawn" {holy, Fly Will+
                  | Dex-2}
  8610 | D:8      | Noticed a deep elf pyromancer
  8633 | D:8      | Killed a deep elf pyromancer
  8634 | D:8      | Reached skill level 11 in Polearms
  8740 | D:8      | Reached **** piety under Zin
  8966 | D:8      | Reached skill level 5 in Invocations
  9549 | D:9      | Reached XP level 10. HP: 84/84 MP: 13/13
  9586 | D:9      | Reached skill level 12 in Polearms
  9734 | D:9      | Noticed a five-headed hydra
  9739 | D:9      | Killed a one-headed hydra
  9740 | D:9      | Reached skill level 5 in Dodging
  9942 | D:9      | Noticed a green ugly thing
 10096 | Lair:1   | Entered Level 1 of the Lair of Beasts
 10107 | Lair:1   | Noticed a cane toad
 10117 | Lair:1   | Killed a cane toad
 10121 | Lair:1   | Reached skill level 13 in Polearms
 10318 | Lair:1   | Noticed a cane toad
 10330 | Lair:1   | Killed a cane toad
 10335 | Lair:1   | Noticed a cane toad
 10364 | Lair:1   | Killed a cane toad
 10370 | Lair:1   | Reached XP level 11. HP: 84/92 MP: 15/15
 10403 | Lair:1   | Noticed Harold
 10438 | Lair:1   | Killed Harold
 10439 | Lair:1   | Reached skill level 14 in Polearms
 10630 | Lair:1   | Reached ***** piety under Zin
 10662 | Lair:1   | Donated 246 gold pieces to Zin
 10806 | Lair:1   | Noticed an oklob plant
 11942 | Lair:2   | Reached skill level 1 in Throwing
 12634 | Lair:2   | Reached skill level 15 in Polearms
 13302 | Lair:2   | Reached XP level 12. HP: 102/102 MP: 17/17
 13899 | Lair:3   | Noticed a four-headed hydra
 13907 | Lair:3   | Killed a one-headed hydra
 14297 | Lair:3   | Found a hole to the Spider Nest.
 14708 | Lair:4   | Reached skill level 16 in Polearms
 14781 | Lair:4   | Found a staircase to the Shoals.
 14824 | Lair:4   | Noticed a death yak
 14828 | Lair:4   | Noticed a death yak
 14836 | Lair:4   | Noticed a death yak
 14838 | Lair:4   | Killed a death yak
 14845 | Lair:4   | Killed a death yak
 14854 | Lair:4   | Killed a death yak
 15206 | Lair:4   | Noticed an eight-headed hydra
 15225 | Lair:4   | Killed a four-headed hydra
 15502 | Lair:4   | Reached XP level 13. HP: 68/111 MP: 19/19
 16433 | Lair:5   | Found a viscous altar of Jiyva.
 16434 | Lair:5   | Found a staircase to the Slime Pits.
 16806 | Lair:5   | Reached skill level 17 in Polearms
 17079 | Lair:5   | Reached skill level 10 in Fighting
 17595 | Lair:6   | Entered Level 6 of the Lair of Beasts
 18217 | Lair:6   | Reached skill level 10 in Invocations
 19373 | Lair:6   | Reached skill level 5 in Shields
 19488 | Lair:6   | Gained mutation: Your tail ends in a venomous barb. [Green
                  | Draconian growth]
 19488 | Lair:6   | Reached XP level 14. HP: 122/122 MP: 21/21
 20260 | Lair:6   | Reached skill level 18 in Polearms
 20331 | Lair:6   | Reached ****** piety under Zin
 20570 | Lair:6   | Identified the +6 broad axe "Apheam" {speed, Fly rPois}
 22101 | D:9      | Got the Handbook of the Entourage and Lightness
 22247 | D:10     | Entered Level 10 of the Dungeon
 22886 | D:10     | Noticed Lobster4's ghost (journeyman HOFE)
 22892 | D:10     | Found a transporter.
 22895 | D:10     | Found a transporter.
 23526 | D:11     | Found a gate leading to a gauntlet.
 23536 | Gauntlet | Entered a Gauntlet
 23536 | Gauntlet | Found a transporter.
 23536 | Gauntlet | Found a runed translucent door.
 23537 | Gauntlet | Found a runed translucent door.
 23543 | Gauntlet | Found a transporter.
 23547 | Gauntlet | Found a transporter.
 23555 | Gauntlet | Found a transporter.
 23559 | Gauntlet | Found a transporter.
 23567 | Gauntlet | Found a transporter.
 23571 | Gauntlet | Found a transporter.
 23579 | Gauntlet | Found a transporter.
 23583 | Gauntlet | Found a transporter.
 23589 | Gauntlet | Found a runed translucent gate.
 23589 | Gauntlet | Found a runed translucent gate.
 23589 | Gauntlet | Found a runed translucent gate.
 23591 | Gauntlet | Found a transporter.
 23613 | Gauntlet | Found a transporter.
 23625 | Gauntlet | Found a transporter.
 23637 | Gauntlet | Found a transporter.
 23649 | Gauntlet | Found a transporter.
 23753 | Gauntlet | Identified the amulet "Xiefuow" {Spirit rN++ Dex+2 Stlth+}
 24093 | Gauntlet | Identified the +7 glaive of the Wasteland {pain, Int+4}
 24137 | Gauntlet | Reached skill level 10 in Dodging
 24455 | D:11     | Paralysed by something for 2 turns
 25358 | D:12     | Found a runed translucent gate.
 25358 | D:12     | Found a runed translucent gate.
 25360 | D:12     | Found a runed translucent gate.
 25363 | D:12     | Noticed croobank's ghost (journeyman MiFi)
 25537 | D:12     | Reached XP level 15. HP: 118/132 MP: 21/23
 25908 | D:12     | Found a staircase to the Orcish Mines.
 26208 | D:12     | Killed croobank's ghost
 26486 | D:12     | Identified a scroll of acquirement
 26486 | D:12     | Acquired a manual of Throwing
 26723 | D:12     | Reached skill level 5 in Throwing
 27344 | D:13     | Noticed Maurice
 27354 | D:13     | Killed Maurice
 27628 | D:13     | Mangled by an enormous slime creature

Illustrated notes

Levels and vault maps discovered:
D:1:      erik_arrival_blinker_ship, layout_loops_corners,
          ebering_ecumenical_altar_petrified, grunt_decor_clamped,
          minmay_parallelograms, nrook_loot_triangle, minmay_pentomino_w4
D:2:      layout_rooms, hangedman_decor_peaks_small, grunt_ministairs_2
D:3:      layout_loops_ring, minmay_strange_pillars
D:4:      layout_basic
D:5:      layout_loops_ring, temple_green, serial_shops, nicolae_square_shop,
          nicolae_inconvenience_store
D:6:      layout_gridville
D:7:      layout_basic, mainiacjoe_overflow_surrounded_room, grunt_ministairs_6
D:8:      minmay_general_purpose_star, layout_basic, dpeg_oklobed_lair,
          grunt_ministairs_12, chequers_serial_rivers_marsh,
          kennysheep_pointless_box
D:9:      minmay_tri_box, layout_basic
D:10:     layout_basic, gammafunk_ghost_arena
D:11:     kennysheep_big_flooded_room, layout_basic, special_room
          [special_room_orc], gauntlet_entry_generic
D:12:     layout_long_grid, orc_0_dummy, gammafunk_ghost_spectres,
          roderic_filled_cross
D:13:     layout_loops_ring, kennysheep_generic_room_5, uniq_maurice
Temple:   mainiacjoe_temple_starburst
Lair:1:   layout_gridlike, chequers_serial_rivers_micro_d, minmay_hedge_maze,
          grunt_megastairs_1, uniq_harold
Lair:2:   layout_cave_pods, pond, uniq_urug
Lair:3:   layout_roguey, spider_nest_entry_rubble
Lair:4:   layout_cave_pods, minmay_shoals_entry_lonely_mermaid
Lair:5:   layout_cave_pods, slime_altar_1, roderic_batcave
Lair:6:   hangedman_lair_caniforms_friends, layout_regular_city,
          small_statue_intersection, bobbens_ice_dragon_lair

Skill      XL: |  1  2  3  4  5  6  7  8  9 10 11 12 13 14 15 |
---------------+----------------------------------------------+-----
Dodging        | 3 4 5 6 7 8 10 | 10.3
Polearms       | 4 5 6 8 10 11 13 15 16 17 18 | 18.9
Fighting       | 4 5 6 7 8 9 10 12 | 12.5
Shields        | 1 2 3 4 5 |  5.4
Invocations    | 1 2 3 5 6 7 9 10 11 | 11.6
Throwing       | 2 3 4 5 |  5.2
Stealth        | |  1.7

Action                   |  1- 3 |  4- 6 |  7- 9 | 10-12 | 13-15 || total
-------------------------+-------+-------+-------+-------+-------++-------
Melee: Spear             |   155 |   113 |       |       |       ||   268
       Tailslap          |     9 |    31 |    48 |    91 |   217 ||   396
       Punch             |     4 |     3 |       |       |       ||     7
       Trident           |       |    75 |    56 |       |       ||   131
       Glaive            |       |       |   125 |   277 |  1247 ||  1649
       Halberd           |       |       |   119 |   316 |       ||   435
Throw: Javelin           |       |     4 |       |       |       ||     4
       Boomerang         |       |       |       |       |     4 ||     4
Invok: Recite            |       |       |     7 |     2 |    12 ||    21
       Vitalisation      |       |       |       |     3 |     2 ||     5
       Donate Gold       |       |       |       |     1 |       ||     1
 Abil: Breathe Noxious F |       |       |    17 |    18 |    40 ||    75
Evoke: Wand              |       |       |       |       |     1 ||     1
  Use: Potion            |     2 |     2 |     3 |     3 |     4 ||    14
       Scroll            |     6 |     2 |     8 |     6 |    11 ||    33
 Stab: Sleeping          |    15 |     4 |     5 |     5 |     8 ||    37
       Confused          |       |       |    13 |    14 |    36 ||    63
       Distracted        |       |       |     1 |     1 |     1 ||     3
       Paralysed         |       |       |       |       |     3 ||     3
Armor: Skin              |    20 |    32 |    79 |   122 |   264 ||   517
Dodge: Dodged            |    58 |    95 |   163 |   378 |   775 ||  1469
Block: Other             |       |    28 |    49 |    98 |   149 ||   324
       Reflection        |       |       |     2 |       |     1 ||     3
